Map: Thunderbird LE

Players

DisK

  • Race: Protoss Protoss
  • Spawn Location: 11:00

SKillous - Winner!

  • Race: Protoss Protoss
  • Spawn Location: 5:00

VOD

Have the link to the VOD?

Description

Time

  • Played on: Sept. 6, 2019, 9:38 p.m.
  • Length: 18:39
Show
View Real Time Build Order
Export as new Build Order

DisK Protoss 

Build Orders: Phoenix Opening 

Get SALT Encoding   

  12  0:00  Probe  
  13  0:12  Probe  
  14  0:17  Pylon  
  14  0:24  Probe  
  15  0:32  Probe  
  15  0:35  Gateway  
  15  0:40  Probe  
  16  0:46  Assimilator  
  17  0:51  Probe  
  17  0:54  Assimilator  
  18  1:00  Probe  
  19  1:08  Probe  
  19  1:11  Gateway  
  19  1:17  Probe  
  20  1:25  Cybernetics Core  
  21  1:29  Probe  
  22  1:35  Pylon  
  22  1:41  Probe  
  18  2:01  Sentry, Stalker  
  25  2:02  Probe  
  25  2:05  Warp Gate  
  28  2:18  Probe  
  29  2:23  Pylon  
  29  2:39  Probe  
  29  2:42  Robotics Facility  
  29  2:52  Nexus  
  29  2:54  Shield Battery  
  29  2:58  Probe  
  30  3:04  Sentry  
  32  3:08  Stalker  
  32  3:11  Probe  
  35  3:23  Probe  
  36  3:33  Robotics Bay  
  36  3:35  Observer  
  36  3:37  Probe  
  38  3:45  Phoenix  
  38  3:48  Pylon  
  38  3:49  Probe  
  39  3:58  Warp Prism  
  39  4:01  Probe  
  39  4:02  Probe  
  39  4:09  Probe  
  43  4:10  Probe  
  43  4:15  Forge  
  45  4:18  Probe  
  45  4:20  Probe  
  45  4:21  Gravitic Drive  
  47  4:29  Disruptor  
  47  4:30  Probe  
  48  4:32  Probe  
  52  4:42  Probe  
  52  4:43  Assimilator  
  52  4:44  Probe  
  52  4:45  Assimilator  
  54  4:47  Shield Battery  
  54  4:54  Pylon  
  54  5:00  Shield Battery  
  54  5:01  Protoss Ground Weapons Level 1  
  54  5:08  Probe, Stalker  
  54  5:09  Stalker  
  54  5:12  Probe  
  60  5:16  Probe  
  60  5:17  Twilight Council  
  61  5:22  Pylon  
  61  5:23  Shield Battery  
  61  5:24  Probe  
  61  5:26  Disruptor  
  65  5:44  Probe x2  
  67  5:51  Gateway  
  67  5:53  Gateway  
  67  5:55  Blink  
  67  5:59  Probe  
  68  6:05  Probe  
  68  6:07  Stalker x2  
  68  6:08  Disruptor  
  77  6:11  Probe  
  77  6:12  Nexus  
  77  6:34  Gateway, Pylon  
  77  6:36  Gateway  
  77  6:40  Shield Battery  
  77  6:42  Shield Battery  
  77  6:43  Pylon  
  77  6:51  Disruptor  
  77  6:52  Pylon  
  77  6:53  Observer, Pylon  
  75  6:58  Stalker x2  
  79  7:06  Shield Battery  
  79  7:07  Stalker  
  81  7:12  Pylon  
  81  7:13  Stalker  
  83  7:20  Probe x2  
  83  7:22  Disruptor x2  
  85  7:25  Probe  
  86  7:32  Probe x2  
  86  7:34  Disruptor  
  91  7:38  Robotics Facility  
  91  7:41  Pylon  
  91  7:43  Dark Shrine  
  91  7:52  Stalker  
  91  7:53  Stalker x2  
  91  7:56  Observer, Stalker  
  99  8:04  Stalker  
  99  8:05  Shield Battery x2  
  101  8:06  Stalker  
  103  8:25  Stalker x2  
  103  8:26  Stalker x2  
  107  8:46  Zealot  
  107  8:47  Zealot  
  102  8:52  Stalker x3  
  102  8:54  Probe x2  
  102  8:55  Probe  
  103  9:02  Probe x2  
  106  9:03  Probe  
  106  9:08  Dark Templar x2  
  108  9:12  Probe x3  
  108  9:13  Robotics Bay  
  101  9:24  Probe x3  
  101  9:25  Pylon  
  101  9:28  Stalker x3  
  110  9:36  Probe x3  
  113  9:48  Probe x3  
  116  10:05  Stalker x5  
  120  10:15  Disruptor  
  120  10:20  Probe x3  
  114  10:22  Assimilator  
  114  10:23  Disruptor, Assimilator  
  114  10:27  Assimilator  
  116  10:32  Probe  
  120  10:38  Probe x2  
  122  10:44  Probe  
  122  10:45  Pylon  
  122  10:46  Disruptor  
  122  10:47  Pylon  
  117  10:55  Probe x2  
  117  10:56  Probe  
  123  11:01  Pylon  
  123  11:02  Pylon  
  123  11:05  Stalker x3  
  129  11:16  Stalker x2  
  129  11:17  Forge, Stalker  
  135  11:19  Probe  
  135  11:20  Probe x2  
  135  11:22  Disruptor  
  138  11:27  Disruptor  
  138  11:32  Probe x2  
  143  11:49  Disruptor  
  143  11:55  Stalker  
  143  11:56  Stalker x2  
  143  11:57  Disruptor  
  143  12:00  Photon Cannon  
  152  12:02  Photon Cannon  
  152  12:04  Protoss Ground Weapons Level 2  
  155  12:12  Gateway  
  155  12:14  Photon Cannon  
  155  12:15  Photon Cannon  
  155  12:16  Shield Battery  
  155  12:18  Gateway  
  155  12:19  Photon Cannon  
  156  12:30  Observer  
  156  12:39  Stalker x4  
  156  12:40  Stalker x2  
  164  13:01  Templar Archives  
  164  13:03  Disruptor  
  164  13:04  Disruptor  
  164  13:17  Stalker  
  164  13:19  Pylon  
  172  13:20  Pylon  
  172  13:22  Pylon, Nexus  
  172  13:23  Pylon  
  172  13:31  Photon Cannon  
  172  13:41  High Templar x3  
  178  13:47  Disruptor x2  
  181  14:03  Stalker x2  
  180  14:21  Stalker x2  
  180  14:22  Stalker x2  
  151  14:44  Zealot x4  
  116  15:07  Stalker x5  
  104  15:10  Zealot  
  77  15:26  Probe x3  
  79  15:32  Stalker x2  
  79  15:33  Stalker x4  
  79  15:35  Disruptor x2  
  91  15:39  Dark Shrine  
  97  15:44  Pylon  
  97  15:51  Nexus  
  97  16:01  Stalker x4  
  97  16:02  Stalker x4  
  94  16:28  Stalker x6  
  104  16:33  Observer x2  
  104  16:36  Stalker  
  104  16:37  Stalker  
  106  16:56  Dark Templar x2  
  106  16:58  Dark Templar  
  112  17:04  Probe x3  
  91  17:23  Stalker x2  
  91  17:56  Stalker x3  
  91  17:57  Stalker x5  
  85  18:19  Zealot  
  68  18:20  Zealot x3  
  68  18:22  Stalker  
  68  18:25  Dark Templar  
  64  18:33  Dark Templar  
Show
View Real Time Build Order
Export as new Build Order

SKillous Protoss - Winner!

Build Orders: Zealot Archon 

Get SALT Encoding   

  12  0:00  Probe  
  13  0:12  Probe  
  14  0:17  Pylon  
  14  0:24  Probe  
  15  0:32  Probe  
  15  0:37  Gateway  
  15  0:41  Probe  
  16  0:46  Assimilator  
  17  0:51  Probe  
  17  0:54  Assimilator  
  18  0:59  Probe  
  19  1:07  Gateway, Probe  
  19  1:17  Probe  
  20  1:24  Cybernetics Core  
  21  1:29  Probe  
  22  1:35  Pylon  
  22  1:41  Probe  
  23  1:50  Warp Gate  
  23  1:53  Probe  
  24  2:00  Stalker  
  24  2:01  Sentry  
  28  2:15  Pylon  
  28  2:27  Sentry  
  30  2:41  Probe, Nexus  
  30  2:48  Forge  
  30  2:52  Stalker  
  30  2:55  Probe  
  33  3:07  Probe  
  33  3:10  Protoss Ground Weapons Level 1  
  34  3:18  Pylon  
  35  3:20  Probe  
  35  3:32  Probe  
  36  3:38  Stalker  
  36  3:39  Stalker  
  40  3:44  Probe  
  40  3:46  Robotics Facility  
  41  3:50  Probe  
  42  3:56  Probe  
  42  3:58  Probe  
  44  4:06  Probe  
  44  4:07  Adept  
  44  4:08  Adept  
  44  4:09  Probe  
  49  4:15  Probe  
  50  4:19  Twilight Council  
  50  4:22  Probe  
  50  4:23  Probe  
  53  4:34  Probe  
  53  4:35  Probe  
  53  4:37  Immortal  
  55  4:40  Assimilator  
  55  4:42  Assimilator  
  55  4:46  Probe  
  55  4:48  Probe  
  61  4:57  Gateway  
  61  4:58  Probe  
  62  5:01  Protoss Ground Weapons Level 2  
  62  5:06  Stargate  
  62  5:07  Pylon  
  62  5:16  Gateway  
  62  5:25  Probe x2  
  64  5:37  Probe  
  64  5:41  Gateway  
  64  5:42  Gateway  
  61  5:43  Gateway  
  61  5:44  Gateway  
  61  5:49  Phoenix  
  63  5:50  Probe  
  64  6:04  Charge  
  64  6:06  Warp Prism  
  64  6:20  Nexus  
  64  6:22  Pylon  
  64  6:25  Templar Archives  
  64  6:28  Probe x2  
  63  6:37  Phoenix  
  65  6:40  Probe x2  
  65  6:43  Stalker x2  
  71  6:52  Probe x2  
  73  7:02  Phoenix  
  73  7:04  Probe x2  
  73  7:05  Pylon  
  77  7:13  Pylon  
  77  7:16  Pylon, Probe  
  77  7:17  Pylon  
  78  7:23  Probe  
  79  7:30  High Templar x3  
  79  7:32  High Templar x3  
  79  7:33  Zealot x4, High Templar  
  79  7:36  Archon x2  
  95  7:39  Phoenix  
  97  7:44  Probe  
  97  7:45  Probe  
  97  7:46  Probe  
  100  7:52  Pylon  
  100  7:54  Zealot x4  
  100  7:56  Probe  
  100  7:57  High Templar  
  111  8:04  Phoenix  
  111  8:05  High Templar  
  115  8:06  Zealot x2  
  115  8:10  Pylon  
  115  8:11  Probe, Assimilator  
  120  8:15  Probe  
  120  8:17  Archon  
  120  8:19  Pylon  
  121  8:21  Pylon  
  121  8:24  Assimilator  
  121  8:25  Probe  
  122  8:34  Zealot x4  
  120  8:43  Phoenix  
  120  8:45  Zealot x4  
  120  8:51  Immortal  
  96  9:15  Pylon  
  86  9:18  High Templar x3  
  86  9:19  High Templar  
  86  9:20  Zealot x4  
  86  9:23  Observer  
  102  9:24  Archon  
  102  9:25  Archon  
  102  9:26  Photon Cannon  
  102  9:27  Photon Cannon  
  102  9:29  Photon Cannon  
  103  9:37  Immortal  
  103  9:42  High Templar x2, Sentry  
  103  9:43  Zealot  
  103  9:44  Phoenix  
  111  9:46  Archon  
  117  9:59  Zealot x4  
  123  10:02  Pylon  
  121  10:07  Phoenix  
  119  10:19  Warp Prism  
  119  10:20  Zealot x6  
  119  10:21  Shield Battery  
  128  10:25  Probe  
  125  10:29  Pylon  
  125  10:36  Probe  
  125  10:37  Probe  
  127  10:46  Nexus  
  127  10:48  Pylon  
  127  10:53  High Templar x4  
  127  10:55  Probe x2  
  137  10:58  Archon x2  
  137  10:59  High Templar  
  137  11:00  Zealot, High Templar  
  137  11:03  Probe x2  
  137  11:04  Zealot, Archon  
  143  11:05  Probe  
  148  11:11  Probe  
  148  11:12  Phoenix  
  148  11:16  Probe  
  148  11:17  Photon Cannon, Probe  
  152  11:20  Shield Battery  
  152  11:25  Zealot, High Templar x2  
  157  11:26  Protoss Ground Weapons Level 3  
  157  11:29  Archon  
  157  11:30  Zealot x2  
  163  11:36  Zealot, High Templar x2  
  169  11:40  Archon  
  169  11:43  Phoenix  
  147  11:49  Zealot  
  141  11:56  Probe  
  142  12:03  Probe x2  
  142  12:06  Probe  
  142  12:07  Stargate  
  145  12:08  Probe, Assimilator  
  145  12:10  Assimilator  
  145  12:11  Phoenix  
  148  12:19  Zealot x4  
  148  12:20  Zealot x3  
  160  12:36  Phoenix  
  160  12:38  Zealot  
  160  12:39  Protoss Air Weapons Level 1  
  160  12:42  Zealot x7  
  176  12:48  Phoenix  
  174  12:54  Warp Prism  
  176  13:01  Phoenix  
  178  13:06  Phoenix  
  178  13:10  Fleet Beacon  
  178  13:15  Stargate  
  180  13:24  Nexus  
  180  13:26  Pylon  
  180  13:35  Immortal  
  182  13:56  Zealot x8, Blink  
  198  14:04  Protoss Shields Level 1  
  192  14:19  Zealot x3  
  198  14:27  Assimilator  
  198  14:29  Assimilator  
  198  14:34  Photon Cannon  
  198  14:37  Photon Cannon  
  172  14:40  Shield Battery, Zealot x8  
  172  14:42  Pylon  
  161  14:53  Immortal, Probe x2  
  163  15:00  Zealot  
  163  15:01  Zealot x7  
  163  15:04  Zealot  
  129  15:18  Phoenix  
  119  15:22  Zealot x7  
  119  15:26  Immortal  
  125  15:32  Phoenix  
  129  15:37  Zealot  
  129  15:38  Phoenix  
  135  15:44  Phoenix  
  135  15:46  High Templar x3  
  135  15:47  High Templar x3  
  135  15:48  Zealot  
  135  15:49  Probe x3  
  152  15:51  Archon x3  
  152  15:53  Phoenix  
  154  15:57  Protoss Air Weapons Level 2  
  154  16:03  Phoenix  
  154  16:07  Observer  
  154  16:09  High Templar x2  
  159  16:15  Archon  
  159  16:17  Phoenix  
  157  16:21  Zealot x3  
  157  16:22  Zealot x3  
  157  16:24  Phoenix  
  165  16:28  Phoenix  
  165  16:40  Nexus  
  165  16:42  Phoenix  
  165  16:43  Pylon  
  161  16:49  Phoenix  
  161  16:50  Warp Prism  
  157  16:55  High Templar x4  
  157  16:56  High Templar x4  
  157  16:59  Archon x2, Probe x2  
  157  17:00  Archon x2  
  175  17:03  Probe  
  175  17:06  Phoenix  
  174  17:20  Observer  
  174  17:21  Phoenix  
  154  17:29  Zealot x8  
  165  17:39  Immortal  
  169  17:44  Pylon  
  159  17:58  Zealot x2  
  159  17:59  Zealot x6  
  159  18:05  Phoenix  
  156  18:25  Zealot x8  
Tags
 
Add a new tag
Caveats
  • Supply blocks, unpowered buildings, or Contaminate may cause inaccurate times.
  • Supply counts are checked every 10 seconds.